Map: Through the Darkness

Players

Tesla - Winner!

  • Race: Protoss Protoss

DarkPhoenix

  • Race: Terran Terran
  • League: Diamond

VOD

Have the link to the VOD?

Description

Time

  • Played on: Oct. 8, 2016, 11:45 a.m.
  • Length: 10:20
Show
View Real Time Build Order
Export as new Build Order

Tesla Protoss - Winner!

Build Orders:  

Get SALT Encoding   

  12  0:01  Probe (Chrono Boost)  
  13  0:11  Probe (Chrono Boost)  
  14  0:19  Pylon  
  14  0:22  Probe (Chrono Boost)  
  15  0:37  Probe (Chrono Boost)  
  15  0:40  Gateway  
  16  0:44  Assimilator  
  16  0:48  Probe (Chrono Boost)  
  17  0:59  Probe (Chrono Boost)  
  17  1:00  Pylon  
  18  1:09  Probe (Chrono Boost)  
  19  1:20  Probe (Chrono Boost)  
  20  1:29  Cybernetics Core  
  20  1:30  Probe (Chrono Boost)  
  21  1:41  Probe (Chrono Boost)  
  22  1:49  Nexus  
  22  1:51  Pylon  
  23  1:54  Probe (Chrono Boost)  
  23  2:02  Assimilator  
  23  2:05  Mothership Core (Chrono Boost)  
  25  2:12  Adept  
  26  2:16  Warp Gate  
  26  2:24  Probe (Chrono Boost)  
  26  2:28  Gateway  
  27  2:36  Probe (Chrono Boost)  
  28  2:39  Stalker  
  30  2:48  Probe (Chrono Boost)  
  31  2:53  Gateway  
  31  2:57  Pylon  
  31  3:01  Probe (Chrono Boost)  
  31  3:04  Probe (Chrono Boost)  
  33  3:06  Sentry  
  35  3:18  Stalker  
  39  3:21  Probe x2 (Chrono Boost)  
  39  3:33  Probe x2 (Chrono Boost)  
  39  3:34  Robotics Facility  
  41  3:40  Stalker  
  43  3:45  Probe (Chrono Boost)  
  43  3:46  Probe (Chrono Boost)  
  43  3:48  Adept  
  47  3:58  Probe (Chrono Boost)  
  47  3:59  Probe (Chrono Boost)  
  47  4:00  Assimilator  
  49  4:05  Assimilator  
  51  4:11  Probe x2 (Chrono Boost)  
  51  4:12  Pylon  
  51  4:22  Observer  
  52  4:24  Stalker x3  
  60  4:31  Probe x2 (Chrono Boost)  
  60  4:37  Pylon  
  60  4:43  Observer, Probe (Chrono Boost)  
  62  4:49  Probe (Chrono Boost)  
  62  4:52  Gateway  
  63  4:55  Probe (Chrono Boost)  
  63  4:56  Twilight Council  
  63  4:58  Pylon  
  65  5:01  Probe (Chrono Boost)  
  65  5:02  Gateway  
  65  5:10  Stalker x2  
  65  5:12  Stalker  
  65  5:13  Probe (Chrono Boost)  
  72  5:18  Observer  
  73  5:34  Gateway, Resonating Glaives  
  73  5:36  Gateway  
  73  5:38  Forge  
  73  5:56  Immortal  
  73  5:57  Probe x2 (Chrono Boost)  
  75  6:02  Stalker x2  
  83  6:05  Adept  
  85  6:16  Pylon  
  85  6:17  Pylon  
  85  6:19  Pylon  
  85  6:21  Pylon  
  85  6:22  Protoss Ground Weapons Level 1  
  85  6:33  Nexus  
  85  6:36  Pylon  
  85  6:38  Warp Prism, Probe x2 (Chrono Boost)  
  87  6:45  Sentry  
  87  6:46  Sentry  
  93  6:49  Sentry  
  95  6:58  Blink  
  95  7:00  Stalker x3  
  101  7:08  Adept x2  
  95  7:24  Adept x2  
  95  7:25  Adept x3  
  101  7:33  Stalker x2  
  101  7:54  Stalker x5  
  97  8:13  Immortal  
  97  8:28  Adept x7  
  80  9:07  Stalker x6  
  82  9:12  Immortal  
  82  9:15  Stalker  
  88  9:38  Adept x7  
  104  9:47  Mothership Core (Chrono Boost)  
Show
View Real Time Build Order
Export as new Build Order

DarkPhoenix Terran 

Build Orders: Command Center First (CC), MMM Bio 

Get SALT Encoding   

  12  0:02  SCV  
  14  0:14  SCV  
  14  0:26  SCV  
  15  0:33  Supply Depot  
  15  0:55  SCV  
  16  1:00  Command Center  
  16  1:07  SCV  
  17  1:14  Barracks  
  17  1:27  SCV  
  18  1:34  Barracks  
  18  1:39  SCV  
  19  1:48  Barracks  
  19  1:51  SCV  
  20  1:55  Refinery  
  20  2:03  SCV  
  20  2:04  Marine  
  22  2:18  Supply Depot  
  22  2:20  SCV  
  22  2:22  Marine  
  24  2:24  Marine  
  25  2:31  Bunker  
  25  2:35  Marine  
  26  2:40  Marine  
  27  2:50  Orbital Command  
  26  2:53  SCV  
  26  2:54  Marine  
  28  3:05  Factory  
  28  3:10  Marine  
  28  3:12  Marine  
  29  3:13  SCV  
  29  3:18  SCV  
  32  3:26  SCV, Barracks Tech Lab  
  33  3:30  SCV  
  34  3:37  Barracks Reactor, Marine  
  34  3:38  SCV  
  36  3:42  SCV  
  36  3:44  Engineering Bay  
  37  3:50  Refinery  
  37  3:52  SCV  
  37  3:54  SCV  
  39  3:58  Hellion  
  41  4:08  Stimpack  
  41  4:09  SCV  
  42  4:10  SCV  
  42  4:15  Marine x3  
  46  4:26  Supply Depot, Marauder, SCV  
  46  4:29  Missile Turret  
  49  4:33  SCV  
  49  4:38  Starport  
  50  4:40  Factory Tech Lab  
  50  4:43  SCV  
  50  4:45  Marine  
  52  4:47  Barracks Tech Lab  
  52  4:49  SCV  
  53  4:55  SCV  
  54  5:01  SCV  
  54  5:05  Siege Tank  
  58  5:07  SCV, Marine  
  58  5:08  Marine x2  
  62  5:17  Supply Depot  
  62  5:32  Command Center  
  62  5:38  Refinery  
  62  5:39  Medivac, SCV x2, Marine  
  62  5:42  Refinery  
  67  5:43  Marine  
  67  5:44  Marine  
  67  5:46  Combat Shields  
  69  5:51  SCV  
  70  5:59  Supply Depot  
  70  6:11  Barracks  
  70  6:14  Barracks  
  70  6:18  Starport Reactor  
  70  6:21  Medivac, SCV x2, Marine x3  
  70  6:24  Marine  
  78  6:39  Supply Depot  
  78  6:41  Concussive Shells  
  78  6:43  Hellion, SCV x2, Marine x2  
  84  6:54  Starport Reactor  
  84  6:55  SCV x2  
  86  7:01  Supply Depot  
  86  7:03  Marine, Barracks Tech Lab x2  
  86  7:04  Marauder, Marine  
  86  7:05  Siege Tank  
  86  7:06  SCV  
  86  7:07  SCV x2  
  96  7:12  Engineering Bay  
  96  7:13  Engineering Bay  
  95  7:18  SCV  
  95  7:19  SCV x2  
  82  7:25  Supply Depot, Marine  
  82  7:26  Marauder x3, Marine x2  
  81  7:32  SCV x2  
  81  7:37  Siege Tank  
  86  7:39  SCV  
  86  7:43  Marine  
  86  7:44  SCV  
  73  7:52  Marine x4  
  73  7:53  Marauder  
  78  8:01  Marine  
  73  8:08  Widow Mine  
  73  8:10  Marine x2  
  73  8:11  Marauder  
  73  8:16  Marine  
  73  8:17  Marauder  
  73  8:19  Marine  
  76  8:24  Terran Infantry Armor Level 1  
  76  8:28  Marauder, Marine  
  76  8:31  Orbital Command  
  76  8:32  Marine  
  80  8:34  Marine  
  80  8:38  Marauder  
  46  9:15  Marine x4  
  45  9:18  Medivac x2  
  47  9:32  Marine  
  47  9:33  Marine x3  
  47  9:34  Siege Tank  
  53  9:50  Marine  
  53  9:51  Marauder x2  
  53  9:56  Marine  
Tags
 
Add a new tag
Caveats
  • Supply blocks, unpowered buildings, or Contaminate may cause inaccurate times.
  • Supply counts are checked every 10 seconds.